 Dungeon Crawl Stone Soup version 0.27.1-33-g824d729ab1 (webtiles) character file.

Game seed: 15404312205430633659

33 zeram the Sneak (level 3, -2/20 HPs)
             Began as a Deep Elf Brigand on Dec 5, 2021.
             Killed from afar by a dart slug (5 damage)
             ... with a slug dart
             ... on level 2 of the Dungeon.
             The game lasted 00:02:44 (1447 turns).

zeram the Sneak (Deep Elf Brigand)                  Turns: 1447, Time: 00:02:45

Health: -2/20      AC:  3    Str:  8    XL:     3   Next: 12%
Magic:  5/5        EV:  9    Int: 16    God:
Gold:   31         SH:  0    Dex: 16    Spells: 0/2 levels left

rFire    . . .     SeeInvis .   a - +2 dagger
rCold    . . .     Faith    .   (no shield)
rNeg     . . .     Spirit   .   b - +0 robe
rPois    .         Reflect  .   (no helmet)
rElec    .         Harm     .   c - +0 cloak
rCorr    .         Rampage  .   (no gloves)
Will     .....                  (no boots)
Stlth    +++.......             (no amulet)
HPRegen  0.06/turn              (no ring)
MPRegen  0.09/turn              (no ring)

@: lethally poisoned (-2 -> -5), constricted
A: no striking features
a: no special abilities


You were on level 2 of the Dungeon.
You visited 1 branch of the dungeon, and saw 2 of its levels.

You collected 31 gold pieces.

Inventory:

Hand Weapons
 a - a +2 dagger (weapon)
Missiles
 d - 8 poisoned darts (quivered)
 e - 2 curare-tipped darts
Armour
 b - a +0 robe (worn)
 c - a +0 cloak (worn)
Scrolls
 f - a scroll of holy word
 g - a scroll of teleportation {unknown}


   Skills:
 - Level 1.5 Fighting
 - Level 2.0 Short Blades
 - Level 2.0 Throwing
 + Level 1.6 Dodging
 - Level 6.1 Stealth
 * Level 0.3 Hexes


You couldn't memorise any spells.
You knew the following spells:

 Your Spells              Type           Power      Damage    Failure   Level
b - Ensorcelled Hibernat  Hex/Ice        0%         N/A       34%         2

Your spell library contained the following spells:

 Spells                   Type           Power      Damage    Failure   Level
 Corona                   Hex            1%         N/A       22%         1
 Tukima's Dance           Hex            1%         N/A       54%         3


Dungeon Overview and Level Annotations

Branches:
Dungeon (2/15)

Altars:


Message History

The adder is moderately wounded.
The adder closely misses you. The ball python barely misses you.
The ball python grabs you. The ball python constricts you.
You hit the adder but do no damage.
The adder is moderately wounded.
The adder closely misses you.
The ball python bites you but does no damage.
The ball python constricts you. The adder bites you.
You barely miss the adder.
The adder is moderately wounded.
The ball python bites you but does no damage.
The ball python constricts you. The adder barely misses you.
You miss the adder.
The adder is moderately wounded.
The ball python closely misses you. The ball python constricts you.
The adder bites you but does no damage.
You hit the adder.
The adder is heavily wounded.
The ball python bites you. The ball python constricts you.
The adder misses you.
You closely miss the adder.
The adder is heavily wounded.
The ball python barely misses you. The ball python constricts you.
The adder closely misses you.
You closely miss the adder.
The adder is heavily wounded.
The ball python barely misses you. The ball python constricts you.
The adder bites you.
You are poisoned.
The adder poisons you!
You closely miss the adder.
The adder is heavily wounded.
You feel sick. The adder bites you but does no damage.
The ball python bites you.
* * * LOW HITPOINT WARNING * * *
The ball python constricts you.
* * * LOW HITPOINT WARNING * * *
The dart slug launches a dart at you. The slug dart hits you.
You die...

#.......##.#
#.......##.#
#...........
#............
#............
#............
#.......###.#
#####.......#
..
#.gS@....####
......S....##
......w....+
...........#
...........#
.........$.#
........####
........#


You could see an adder, a dart slug, a goblin and a ball python.

Vanquished Creatures
  4 bats (D:1)
  3 endoplasms (D:1)
  A giant cockroach (D:1)
  2 goblins (D:1)
  8 hobgoblins (D:1)
  2 jackals (D:1)
  A quokka (D:1)
  A ball python (D:1)
  2 frilled lizards (D:1)
  4 kobolds (D:1)
  2 rats (D:1)
30 creatures vanquished.

Notes
Turn   | Place    | Note
-------+----------+-------------------------------------------
     0 | D:1      | zeram the Deep Elf Brigand began the quest for the Orb.
     0 | D:1      | Reached XP level 1. HP: 12/12 MP: 3/3
    60 | D:1      | Reached skill level 5 in Stealth
    81 | D:1      | Reached XP level 2. HP: 5/16 MP: 4/4
   600 | D:1      | Reached skill level 6 in Stealth
  1067 | D:1      | Reached XP level 3. HP: 18/20 MP: 5/5
  1306 | D:1      | Learned a level 2 spell: Ensorcelled Hibernation
  1447 | D:2      | Killed from afar by a dart slug

Illustrated notes

Levels and vault maps discovered:
D:1:      lightli_arrival_quake, layout_loops_ring, kennysheep_pointless_box,
          minmay_misc_feat_plants
D:2:      layout_basic

Skill      XL: |  1  2 |
---------------+-------+-----
Stealth        | 5 6 |  6.1
Fighting       | |  1.5
Short Blades   | |  2.0
Throwing       | |  2.0
Dodging        | |  1.6
Hexes          | |  0.3

Action                   || total
-------------------------++-------
Melee: Dagger            ||   101
  Use: Scroll            ||     3
 Stab: Sleeping          ||     9
Armor: Robe              ||    19
Dodge: Dodged            ||    50
